 Dungeon Crawl Stone Soup version 0.19.1 (webtiles) character file.

2471 tboon the Cleaver (level 9, 0/85 HPs)
             Began as a Minotaur Fighter on Dec 2, 2016.
             Was a Follower of Okawaru.
             Succumbed to a killer bee's poison
             ... on level 8 of the Dungeon.
             The game lasted 00:21:21 (6218 turns).

tboon the Cleaver (Minotaur Fighter)                Turns: 6218, Time: 00:21:21

Health: 0/85       AC: 13    Str: 22    XL:     9   Next: 26%
Magic:  8/8        EV:  7    Int:  7    God:    Okawaru [*.....]
Gold:   282        SH:  0    Dex: 10    Spells: 0 memorised, 8 levels left

rFire  + . .     SeeInvis .     a - +3 war axe
rCold  . . .     Gourm    .     B - +0 chain mail
rNeg   . . .     Faith    .     (no shield)
rPois  .         Spirit   .     (helmet restricted)
rElec  .         Reflect  .     (no cloak)
rCorr  .         Harm     .     b - +2 pair of gloves
MR     .....                    n - +0 pair of boots
Stlth  ..........               (no amulet)
                                (no ring)
                                i - ring of protection from fire {rF+, !d}

@: lethally poisoned (0 -> -17)
A: retaliatory headbutt, horns 2
a: Heroism, Renounce Religion


You were on level 8 of the Dungeon.
You worshipped Okawaru.
Okawaru was aware of your devotion.
You were not hungry.

You visited 2 branches of the dungeon, and saw 9 of its levels.

You collected 282 gold pieces.

Inventory:

Hand Weapons
 a - a +3 war axe (weapon)
Armour
 b - a +2 pair of gloves (worn)
   (You found it on level 4 of the Dungeon)
 n - a +0 pair of boots (worn)
   (You found it on level 7 of the Dungeon)
 B - a +0 chain mail (worn)
   (You took it off an orc on level 4 of the Dungeon)
Jewellery
 d - an uncursed amulet of harm {unknown}
   (You found it on level 7 of the Dungeon)
 i - a ring of protection from fire (left hand) {rF+, !d}
   (You found it on level 5 of the Dungeon)
Wands
 h - a wand of digging (13/24)
   (You found it on level 5 of the Dungeon)
Scrolls
 o - a scroll of teleportation
Potions
 c - a potion of cancellation {unknown}
 e - a potion of haste {unknown}
 l - 5 potions of curing
 p - a potion of brilliance
 r - a potion of invisibility
 t - 2 potions of agility
 x - a potion of heal wounds
Comestibles
 f - 6 bread rations
 g - 6 meat rations
 k - 5 fruits


   Skills:
 + Level 9.7 Fighting
 * Level 11.8 Axes
 - Level 3.6 Armour
   Level 3.6 Shields
 + Level 0.8 Invocations


You had 8 spell levels left.
You didn't know any spells.

Dungeon Overview and Level Annotations

Branches:
Dungeon (8/15)             Temple (1/1) D:7
   Lair: D:8-11

Altars:
Ashenzari
Cheibriados
Dithmenos
Elyvilon
Fedhas
Gozag
Hepliaklqana
Nemelex Xobeh
Okawaru
Ru
Trog
Uskayaw
Vehumet
Xom
Zin
The Shining One

Annotations:
D:8 Joseph, Pikel


Innate Abilities, Weirdness & Mutations

You reflexively headbutt those who attack you in melee.
You have a pair of horns on your head.


Message History

You hit the gnoll. You closely miss the killer bee.
The killer bee stings you but does no damage.
The gnoll sergeant hits you with a spear.
The gnoll completely misses you.
You slash the gnoll sergeant!
You kill the gnoll sergeant!
Okawaru accepts your kill.
You hit the killer bee but do no damage.
Your chain mail prevents you from hitting the slave.
You slash the gnoll!
You kill the gnoll!
Okawaru accepts your kill. The killer bee stings you.
You are poisoned.
The killer bee poisons you! The killer bee closely misses you.
You miss the killer bee. x2; You hit the slave.
You feel sick. The killer bee stings you.
The killer bee stings you but does no damage.
The slave hits you but does no damage. The killer bee stings you.
The killer bee stings you but does no damage.
You slash the killer bee!
The killer bee is heavily wounded.
You hit the killer bee. You closely miss the slave.
You feel sick. The killer bee barely misses you. You furiously retaliate!
You headbutt the killer bee. The killer bee stings you.
You are more poisoned.
The killer bee poisons you! The slave closely misses you.
You furiously retaliate!
You headbutt the slave!
The killer bee stings you but does no damage.
You miss the killer bee. You headbutt the killer bee.
The killer bee is heavily wounded.
You slash the killer bee!
You kill the killer bee!
Okawaru accepts your kill.
You hit the slave.
You feel sick. The killer bee stings you. The slave hits you.
The killer bee barely misses you.
A killer bee comes into view.
You feel sick.
The killer bee buzzes angrily.
The killer bee stings you. The slave closely misses you.
You furiously retaliate!
You headbutt the slave, but do no damage.
The killer bee stings you but does no damage.
Pikel the Slaver comes into view.
He is wielding a whip of flaming.
You see here a killer bee corpse.
Pikel shouts!
You hit the slave.
You kill the slave!
That felt strangely unrewarding.
You hit the killer bee.
You feel sick.
The killer bee stings you but does no damage.
The gnoll throws a throwing net.
The throwing net hits you.
You become entangled in the net!
An orc priest comes into view. It is wielding a trident.
You struggle against the net.
You feel sick.
The orc priest shouts!
The killer bee stings you but does no damage.
The killer bee stings you.
You tear a large gash into the net.
You feel sick.
The killer bee stings you but does no damage.
The killer bee barely misses you. You furiously retaliate!
You headbutt the killer bee.
The killer bee stings you but does no damage. x2
Joseph, a Mercenary comes into view.
He is wielding a quarterstaff.
You rip the net and break free!
You feel sick.
Joseph shouts!
The killer bee stings you. The killer bee closely misses you.
You furiously retaliate!
You headbutt the killer bee, but do no damage.
The killer bee barely misses you. The killer bee closely misses you.
Your chain mail prevents you from hitting the killer bee.
The killer bee is almost dead.
You barely miss the killer bee.
You feel sick. The killer bee stings you.
* * * LOW HITPOINT WARNING * * *
You are more poisoned.
The killer bee poisons you!
The killer bee stings you but does no damage.
The killer bee barely misses you. You furiously retaliate!
You headbutt the killer bee. The killer bee stings you.
* * * LOW HITPOINT WARNING * * *
You are more poisoned.
The killer bee poisons you!
A bullfrog skeleton comes into view.
You barely miss the killer bee.
The killer bee is lightly wounded.
You completely miss the killer bee.
* * * LOW HITPOINT WARNING * * *
You feel sick.
The killer bee stings you but does no damage. x3
The killer bee stings you.
* * * LOW HITPOINT WARNING * * *
The orc priest invokes the aid of Beogh against you.
Beogh smites you!
* * * LOW HITPOINT WARNING * * *
A slave comes into view.
The slave shouts!
* * * LOW HITPOINT WARNING * * *
You feel sick.
Items here: )) [ † a ring mail; a flail; a short sword; an adder corpse You die...

########
#...)@.#
#...[[)#
#...Ky†#
#...)yg# ..
#....go# y#
#......# .#
#....Z@# .#
#......##.#
#......p#.#
.#


You could see Joseph, Pikel, 2 killer bees, an orc priest, 2 gnolls and a
bullfrog skeleton.

Vanquished Creatures
  A hornet (D:8)
  Prince Ribbit (D:8)
  A water moccasin (D:8)
  2 ogres (D:6)
  A slave (D:8)
  3 phantoms (D:4)
  A centaur (D:7)
  Blork the orc (D:4)
  A wyvern zombie (D:7)
  A gnoll sergeant (D:8)
  A wyvern skeleton (D:7)
  A scorpion (D:4)
  2 killer bees (D:8)
  4 howler monkeys
  4 crimson imps
  A hound (D:7)
  3 orc priests
  A jelly (D:6)
  A centaur skeleton (D:5)
  2 iguanas
  7 orc wizards
  5 worker ants
  A hound zombie (D:5)
  3 gnolls (D:8)
  7 adders
  A shadow imp (D:7)
  2 oozes
  An adder zombie (D:8)
  2 worms (D:3)
  A dart slug (D:1)
  5 leopard geckos
  24 orcs
  2 giant cockroaches
  12 goblins
  13 hobgoblins
  16 jackals
  6 kobolds
  7 quokkas
  2 ball pythons
  6 bats
  2 frilled lizards
  A jackal skeleton (D:7)
  A quokka zombie (D:7)
  10 rats
170 creatures vanquished.

Vanquished Creatures (others)
  2 orc wizards (D:4)
2 creatures vanquished.

Grand Total: 172 creatures vanquished

Notes
Turn   | Place    | Note
-------+----------+-------------------------------------------
     0 | D:1      | tboon the Minotaur Fighter began the quest for the Orb.
     0 | D:1      | Reached XP level 1. HP: 19/19 MP: 0/0
    54 | D:1      | Reached XP level 2. HP: 22/27 MP: 1/1
    54 | D:1      | Reached skill level 3 in Axes
    55 | D:1      | Reached skill level 4 in Fighting
   255 | D:1      | Reached XP level 3. HP: 34/34 MP: 2/2
   676 | D:2      | Found an opulent altar of Gozag.
   968 | D:2      | Reached skill level 5 in Fighting
  1129 | D:3      | Reached XP level 4. HP: 42/42 MP: 3/3
  1321 | D:3      | Found a faded altar of an unknown god.
  2247 | D:4      | Reached skill level 4 in Axes
  2252 | D:4      | Reached XP level 5. HP: 14/50 MP: 4/4
  2507 | D:4      | Reached skill level 5 in Axes
  2631 | D:4      | Reached skill level 6 in Fighting
  2999 | D:4      | Noticed Blork the orc
  3013 | D:4      | Killed Blork the orc
  3013 | D:4      | Reached skill level 6 in Axes
  3013 | D:4      | Reached XP level 6. HP: 58/58 MP: 5/5
  3394 | D:4      | Reached skill level 7 in Axes
  3394 | D:4      | Reached XP level 7. HP: 41/64 MP: 6/6
  3566 | D:4      | Reached skill level 7 in Fighting
  3603 | D:4      | Got a shimmering hand axe
  3627 | D:4      | Identified the +2 hand axe "Spiderslayer" {elec, +Rage Dex+4} (You found it on level 4 of the Dungeon)
  3793 | D:5      | Entered Level 5 of the Dungeon
  3888 | D:5      | Found a blossoming altar of Fedhas.
  4004 | D:5      | Reached skill level 8 in Axes
  4495 | D:6      | Reached skill level 9 in Axes
  4495 | D:6      | Reached XP level 8. HP: 53/74 MP: 7/7
  4528 | D:6      | Reached skill level 8 in Fighting
  5051 | D:7      | Reached skill level 10 in Axes
  5323 | D:7      | Found a staircase to the Ecumenical Temple.
  5331 | Temple   | Entered the Ecumenical Temple
  5359 | Temple   | Became a worshipper of Warmaster Okawaru
  5564 | D:8      | Noticed Prince Ribbit
  5575 | D:8      | Reached skill level 9 in Fighting
  5578 | D:8      | HP: 19/78 [Prince Ribbit (14)]
  5578 | D:8      | HP: 6/78 [Prince Ribbit (13)]
  5580 | D:8      | Killed Prince Ribbit
  5580 | D:8      | Reached skill level 11 in Axes
  5913 | D:8      | Noticed a hornet
  5920 | D:8      | Killed a hornet
  5920 | D:8      | Reached XP level 9. HP: 39/84 MP: 8/8
  5930 | D:8      | Reached * piety under Okawaru
  5933 | D:8      | HP: 21/84 [poisoned by a water moccasin]
  6211 | D:8      | Noticed Pikel
  6214 | D:8      | Noticed Joseph
  6216 | D:8      | HP: 20/85 [poisoned by a killer bee]
  6216 | D:8      | HP: 3/85 [orc priest/divine providence (13)]
  6217 | D:8      | HP: 1/85 [poisoned by a killer bee]
  6218 | D:8      | Succumbed to a killer bee's poison

Skill      XL: |  1  2  3  4  5  6  7  8 |
---------------+-------------------------+-----
Axes           | 3 4 6 7 9 11 | 11.8
Fighting       | 4 5 6 7 9 |  9.7
Armour         | |  3.6
Shields        | |  3.6
Invocations    | |  0.8

Action                   |  1- 3 |  4- 6 |  7- 9 || total
-------------------------+-------+-------+-------++-------
Melee: War axe           |    93 |   149 |   171 ||   413
       Headbutt          |    12 |    19 |    30 ||    61
Throw: Tomahawk          |       |     4 |    62 ||    66
Invok: Heroism           |       |       |     1 ||     1
  Use: Scroll            |       |     5 |    17 ||    22
       Potion            |       |       |     3 ||     3
  Eat: Chunk             |     1 |     7 |     3 ||    11
       Beef jerky        |       |       |     4 ||     4
Armor: Scale mail        |    40 |    65 |     5 ||   110
       Chain mail        |       |       |    72 ||    72
Dodge: Dodged            |    36 |    35 |    56 ||   127
Block: Shield            |    46 |    51 |    25 ||   122

Vault maps used:
D:1:      eino_arrival_water_star, minmay_tetromino_t4
D:2:      grunt_gozag_breadcrumbs
D:3:      ecumenical_altar_1, first_bread, serial_co_window_serial,
          co_window_paths_a, co_window_corner_a, co_window_of_opportunity_a,
          co_window_paths_b, co_window_corner_a, co_window_paths_a,
          co_window_corner_a, co_window_unsneaky_path_a, co_window_cross_4,
          co_window_2corner, co_window_corner_b, co_window_4corner_a,
          co_window_4corner_b, glass_columns_c, glass_columns_c,
          glass_columns_b, glass_columns_a, glass_columns_c,
          serial_park_tiny_pond, st_stairs_6
D:4:      minmay_goblin_kobold_house, uniq_blork_the_orc
D:5:      minmay_misc_feat_ornament, fedhas_altar_1
D:6:      hex_medium
D:8:      uniq_prince_ribbit1, uniq_joseph, uniq_pikel
Temple:   nicolae_temple_the_god_donut

Table legend:
 A = Turns spent in this place as a percentage of turns spent in the entire game.
 B = Non-inter-level travel turns spent in this place as a percentage of non-inter-level travel turns spent in the entire game.
 C = Inter-level travel turns spent in this place as a percentage of turns spent in this place.
 D = Turns resting spent in this place as a percentage of non-inter-level travel turns spent in this place.
 E = Turns spent auto-exploring this place as a percentage of non-inter-level travel turns spent in this place.
 F = Non-inter-level travel turns spent in this place divided by the number of levels of this place that you've seen.
                   A       B       C       D       E      F
               +-------+-------+-------+-------+-------+----------------------
         Total | 100.0 | 100.0 |   0.6 |   3.0 |  13.3 | 153.4
       Dungeon |  98.8 |  98.9 |   0.6 |   3.0 |  12.7 | 170.8
        Temple |   1.2 |   1.1 |   6.2 |   0.0 |  66.7 |  15.0
               +-------+-------+-------+-------+-------+----------------------

Table legend:
 A = Kills in this place as a percentage of kills in entire the game.
 B = Kills by you in this place as a percentage of kills by you in the entire game.
 C = Kills by friends in this place as a percentage of kills by friends in the entire game.
 D = Other kills in this place as a percentage of other kills in the entire game.
 E = Experience gained in this place as a percentage of experience gained in the entire game.
 F = Experience gained in this place divided by the number of levels of this place that you have seen.
                   A       B       C       D       E      F
               +-------+-------+-------+-------+-------+----------------------
         Total | 100.0 | 100.0 |  -nan | 100.0 | 100.0 | 392.3
       Dungeon | 100.0 | 100.0 |  -nan | 100.0 | 100.0 | 441.4
               +-------+-------+-------+-------+-------+----------------------
